 Dungeon Crawl Stone Soup version 0.30-a0-800-g7c544603b3 (webtiles) character file.

Game seed: 5612586871028354066

8255 dolemite99 the Marksminotaur (level 11, -3/104 HPs)
             Began as a Minotaur Hunter on Feb 23, 2023.
             Was an Initiate of Yredelemnul.
             Slain by a wolf (9 damage)
             ... led by Grum
             ... on level 10 of the Dungeon.
             The game lasted 00:15:26 (14400 turns).

dolemite99 the Marksminotaur (Minotaur Hunter)     Turns: 14400, Time: 00:15:26

Health: -3/104     AC:  8    Str: 20    XL:     11   Next: 7%
Magic:  10/10      EV: 12    Int:  6    God:    Yredelemnul [......]
Gold:   575        SH:  0    Dex: 17    Spells: 10/10 levels left

rFire   . . .      SeeInvis .    a - +0 shortbow
rCold   . . .      Faith    .    (shield currently unavailable)
rNeg    . . .      Spirit   .    c - +0 leather armour
rPois   .          Reflect  .    (helmet restricted)
rElec   .          Harm     .    r - +2 cloak
rCorr   .          Rampage  .    A - +0 pair of gloves {Str+3}
Will    .....                    z - +0 pair of boots
Stlth   ++                       (no amulet)
HPRegen 0.37/turn                (no ring)
MPRegen 0.12/turn                (no ring)

@: no status effects
A: horns 2, retaliatory headbutt
a: Renounce Religion, Recall Undead Harvest


You were on level 10 of the Dungeon.
You worshipped Yredelemnul.
Yredelemnul was noncommittal.
You visited 2 branches of the dungeon, and saw 11 of its levels.
You also visited: Bailey.

You collected 575 gold pieces.

Inventory:

Hand Weapons
 a - a +0 shortbow (weapon)
 h - a +0 long sword
 i - a +1 sling of draining
 l - a +0 long sword of holy wrath
 B - a +1 dagger of draining
 D - a +0 glaive
 F - a +2 morningstar
Missiles
 v - 17 boomerangs
Armour
 c - a +0 leather armour (worn)
 r - a +2 cloak (worn)
 z - a +0 pair of boots (worn)
 A - a +0 pair of gloves of strength (worn)
Jewellery
 d - a ring of fire
 p - a ring of magical power
Wands
 t - a wand of paralysis (1)
 E - a wand of iceblast (10)
Scrolls
 b - 4 scrolls of immolation
 e - 2 scrolls of vulnerability
 q - a scroll of enchant armour
 y - a scroll of blinking
Potions
 f - 3 potions of might
 g - 2 potions of flight {unknown}
 k - 8 potions of degeneration
 m - a potion of brilliance {unknown}
 n - 3 potions of lignification {unknown}
 o - a potion of mutation {unknown}
 s - 2 potions of attraction {unknown}
 u - 3 potions of cancellation {unknown}
 w - 2 potions of magic
 x - a potion of ambrosia {unknown}


   Skills:
 + Level 11.8 Fighting
 - Level 15.8 Ranged Weapons
 - Level 2.1 Dodging
 - Level 0.7 Stealth


You had 10 spell levels left.
You didn't know any spells.
Your spell library contained the following spells:

 Spells                   Type           Power      Damage    Failure   Level
 Slow                     Hex            0%         N/A       52%         1
 Call Canine Familiar     Summ           0%         N/A       87%         3
 Confusing Touch          Hex            0%         N/A       87%         3
 Portal Projectile        Hex/Tloc       0%         N/A       87%         3
 Vampiric Draining        Necr           0%         2d6       87%         3
 Vhi's Electric Charge    Tloc/Air       0%         N/A       87%         3
 Airstrike                Air            0%         2d(0-16)  99%         4
 Leda's Liquefaction      Hex/Erth       0%         N/A       99%         4
 Summon Lightning Spire   Summ/Air       0%         N/A       99%         4
 Arcjolt                  Conj/Air       0%         1d10      100%        5
 Lightning Bolt           Conj/Air       0%         1d11      100%        5
 Malign Gateway           Summ/Tloc      0%         N/A       100%        7
 Maxwell's Capacitive Co  Air            0%         ∞         100%        8
 Summon Horrible Things   Summ           0%         N/A       100%        8


Dungeon Overview and Level Annotations

Branches:
Dungeon (10/15)            Temple (1/1) D:7          Bailey (visited)
   Lair: D:8-11         Orc: D:9-12

Altars:
Gozag
Ru
Wu Jian
Yredelemnul

Shops:
D:3 (

Annotations:
D:5 3 runed translucent doors, Bediveer's ghost, novice DrCj; NinjaNoafa's ghost, novice MeCj; asti's ghost, novice MiBe; tgirl's ghost, amateur SpHu
D:10 Grum


Innate Abilities, Weirdness & Mutations

You have a pair of horns on your head.
You reflexively headbutt those who attack you in melee.


Message History

Aim: a wolf (58% to hit)
You shoot an arrow. The arrow hits the wolf!
The wolf is moderately wounded.
Fire: a) +0 shortbow
Press: ? - help, Q - select action, (/) - cycle Shift-Dir - straight line, f/p - wolf
Aim: a wolf (moderately wounded, 58% to hit)
You shoot an arrow. The arrow hits the wolf.
The wolf is heavily wounded.
You shoot an arrow. The arrow hits the wolf!!
You kill the wolf!
There is a stone staircase leading up, spattered with blood here.
You shoot an arrow. The arrow barely misses the wolf.
The wolf bites you but does no damage.
You shoot an arrow.
The arrow hits the wolf but does no damage.
The wolf bites you.
* * * LOW HITPOINT WARNING * * *
The wolf bites you.
* * * LOW HITPOINT WARNING * * *
You shoot an arrow. The arrow closely misses the wolf.
The wolf misses you.
You shoot an arrow. The arrow hits the wolf!
The wolf is moderately wounded.
The wolf closely misses you. You furiously retaliate!
You headbutt the wolf. You shoot an arrow. The arrow closely misses the wolf.
The wolf closely misses you.
You shoot an arrow. The arrow hits the wolf!
The wolf is severely wounded.
The wolf bites you.
* * * LOW HITPOINT WARNING * * *
You shoot an arrow.
The arrow hits the wolf but does no damage.
The wolf is severely wounded.
The wolf barely misses you. The wolf bites you.
* * * LOW HITPOINT WARNING * * *
You shoot an arrow.
The arrow hits the wolf but does no damage.
The wolf is severely wounded.
The wolf bites you!
You die...
Your body rises from the dead as a mindless zombie.

#####....########## ...
+....##.......#
.####....##.#####.#########
....K....................>####
.####.#####.#.#....######.#..#
.####.# #.#.###..####...#..#
......# #.#.........#.#.#..#
.##########..)#######.#.#.#..#
....#..........h@............#
..#.#.........#.......#.#.##.#
..#Z###################Z.....#
..#Z.ZZ...............##Z.####
#.###################.##Z##
... #.. ..#Z..Z# #+# #.#
#.#..### .. #.# #.#..# ..
#.###...##


You could see a wolf.

Vanquished Creatures
  2 two-headed ogres
  A wizard (D:9)
  14 yaks
  Eustachio (D:6)
  A steam dragon (D:8)
  3 water moccasins
  4 orc warriors
  2 black bears
  2 ogres
  2 wolves (D:10)
  4 centaurs
  2 phantoms (D:4)
  3 kobold brigands
  4 bullfrogs
  4 scorpions
  3 wights (D:8)
  5 killer bees
  A hound (D:7)
  2 jellies
  5 orc priests
  6 iguanas
  11 orc wizards
  2 killer bee zombies (D:6)
  13 adders
  7 gnolls (D:7)
  A shadow imp (D:5)
  2 white imps
  An ufetubus (D:6)
  2 worms
  3 dart slugs
  38 orcs
  3 endoplasms
  2 giant cockroaches (D:1)
  16 goblins
  6 hobgoblins
  2 jackals (D:2)
  19 kobolds
  3 quokkas
  5 ball pythons
  10 bats
  5 frilled lizards
  6 rats
228 creatures vanquished.

Vanquished Creatures (collateral kills)
  2 yaks (D:8)
  A black bear (D:10)
  A kobold brigand (D:8)
  A killer bee (D:10)
  An orc wizard (D:9)
  6 orcs
12 creatures vanquished.

Vanquished Creatures (others)
  A two-headed ogre zombie (D:9)
  6 yak zombies
  2 centaur zombies
  A scorpion zombie (D:10)
  4 killer bee zombies (D:10)
  A spectral white imp (D:7)
  4 gnoll zombies (D:7)
  3 goblin zombies (Bailey)
  A hobgoblin zombie (Bailey)
  18 orc zombies
  A fungus (D:10)
  A plant (D:10)
43 creatures vanquished.

Grand Total: 283 creatures vanquished

Notes
Turn   | Place    | Note
-------+----------+-------------------------------------------
     0 | D:1      | dolemite99 the Minotaur Hunter began the quest for the Orb.
     0 | D:1      | Reached XP level 1. HP: 18/18 MP: 0/0
    88 | D:1      | Reached XP level 2. HP: 25/25 MP: 1/1
   113 | D:1      | Reached skill level 5 in Ranged Weapons
   445 | D:2      | Reached XP level 3. HP: 30/30 MP: 2/2
   703 | D:2      | Reached skill level 6 in Ranged Weapons
   715 | D:2      | Reached XP level 4. HP: 28/37 MP: 3/3
   791 | D:2      | Found a faded altar of an unknown god.
  1671 | D:3      | Reached skill level 7 in Ranged Weapons
  1671 | D:3      | Reached XP level 5. HP: 33/42 MP: 4/4
  2016 | D:3      | Found Qathigit's Weapon Boutique.
  2284 | D:4      | Noticed a phantom
  2299 | D:4      | Killed a phantom
  2452 | D:4      | Noticed an ogre
  2474 | D:4      | Killed an ogre
  2475 | D:4      | Reached skill level 8 in Ranged Weapons
  2475 | D:4      | Reached XP level 6. HP: 39/50 MP: 5/5
  3191 | D:5      | Entered Level 5 of the Dungeon
  3214 | D:5      | Reached skill level 9 in Ranged Weapons
  3695 | D:5      | Reached XP level 7. HP: 27/56 MP: 6/6
  4134 | D:5      | Identified the +1 robe "Gorait" {Regen+ rCorr MP+9}
  4619 | D:5      | Reached skill level 10 in Ranged Weapons
  4846 | D:5      | Found a runed translucent gate.
  4846 | D:5      | Found a runed translucent gate.
  4846 | D:5      | Found a runed translucent gate.
  4848 | D:5      | Noticed Bediveer's ghost (novice DrCj)
  4848 | D:5      | Noticed NinjaNoafa's ghost (novice MeCj)
  4849 | D:5      | Noticed tgirl's ghost (amateur SpHu)
  4849 | D:5      | Noticed asti's ghost (novice MiBe)
  5055 | D:6      | Noticed Eustachio
  5076 | D:6      | Killed Eustachio
  5077 | D:6      | Reached skill level 11 in Ranged Weapons
  5077 | D:6      | Reached XP level 8. HP: 55/62 MP: 7/7
  6137 | D:6      | Reached skill level 12 in Ranged Weapons
  6149 | D:6      | Found a basalt altar of Yredelemnul.
  6157 | D:6      | Became a worshipper of Yredelemnul the Dark
  6216 | D:7      | Reached * piety under Yredelemnul
  6569 | D:7      | Found a flagged portal.
  6581 | Bailey   | Entered a bailey
  7036 | D:7      | Paralysed by an orc for 4 turns
  7048 | D:7      | Found a staircase to the Ecumenical Temple.
  7691 | D:7      | Reached skill level 13 in Ranged Weapons
  8148 | D:7      | Reached XP level 9. HP: 10/64 MP: 8/8
  9062 | Temple   | Entered the Ecumenical Temple
  9343 | D:9      | Reached skill level 14 in Ranged Weapons
 11322 | D:8      | Reached skill level 15 in Ranged Weapons
 12302 | D:8      | Reached XP level 10. HP: 38/77 MP: 9/9
 12337 | D:8      | Reached skill level 5 in Fighting
 12360 | D:8      | Reached ** piety under Yredelemnul
 13252 | D:9      | Identified the +1 chain mail of the Accordion {Int+2}
 13317 | D:9      | Noticed a two-headed ogre
 13348 | D:9      | Killed a two-headed ogre
 13649 | D:9      | Reached skill level 10 in Fighting
 13775 | D:9      | Identified the +4 mace of Abomination {venom, Dex+5}
 13775 | D:9      | Noticed a wizard
 13798 | D:10     | Entered Level 10 of the Dungeon
 14174 | D:10     | Noticed a two-headed ogre
 14199 | D:10     | Killed a two-headed ogre
 14316 | D:10     | Noticed Grum
 14367 | D:9      | Noticed a two-headed ogre
 14368 | D:9      | Killed a wizard
 14369 | D:9      | Reached XP level 11. HP: 20/104 MP: 10/10
 14399 | D:10     | HP: 5/104 [wolf[Grum] (4)]
 14400 | D:10     | Slain by a wolf

Illustrated notes

Levels and vault maps discovered:
D:1:      dpeg_arrival_water_temple_mockup, layout_rooms,
          hangedman_decor_riveting
D:2:      layout_loops_ring, shapermc_ecumenical_altar_mp_highgroup
D:3:      layout_rooms, serial_shops, shop, grunt_decor_cap, minmay_door_square,
          minmay_fractal_squares_gapless_5
D:4:      layout_loops_corners, st_stairs_11
D:5:      layout_loops_ring, gammafunk_ghost_cemetery
D:6:      layout_basic, lemuel_zombie_altar_yredelemnul,
          nicolae_concentric_dashed_squares_mild, uniq_eustachio
D:7:      layout_loops_ring, minmay_temple_entry_mini_moons,
          lightli_bailey_entry_fortress, lightli_orcish_oven
D:8:      minmay_razor_zed, layout_loops_ring, enter_ossuary_1, minmay_orc_keep
D:9:      minmay_the_grid_four_pointed_star_mashed
          [minmay_the_grid_triangle_9x9_swiss_cheese,
          minmay_the_grid_triangle_9x9_sparse_checkered,
          minmay_the_grid_triangle_9x9_odd_lines,
          minmay_the_grid_triangle_9x9_sprig,
          minmay_the_grid_prize_four_corners_diamond_a], layout_basic,
          erik_orc_1
D:10:     layout_basic, grunt_lair_entry_orc_guard_hut, uniq_harold,
          uniq_fannar, uniq_grum
Temple:   grunt_wide_crystal_templ

Skill      XL: |  1  2  3  4  5  6  7  8  9 10 |
---------------+-------------------------------+-----
Ranged Weapons | 5 6 7 8 9 11 13 15 | 15.8
Fighting       | 3 11 | 11.8
Dodging        | |  2.1
Stealth        | |  0.7

Action                     |  1- 3 |  4- 6 |  7- 9 | 10-12 || total
---------------------------+-------+-------+-------+-------++-------
  Melee: Shortbow          |       |       |     6 |       ||     6
   Fire: Shortbow          |    90 |   207 |   547 |   225 ||  1069
  Evoke: Wand              |       |       |     6 |    14 ||    20
    Use: Scroll            |       |     7 |    11 |     2 ||    20
         Potion            |       |     3 |     8 |     5 ||    16
 Armour: Leather armour    |    15 |    27 |   124 |    33 ||   199
  Dodge: Dodged            |    29 |    79 |   207 |    72 ||   387

Table legend: (Time is in decaauts)
 A = Elapsed time spent in this place.
 B = Non-inter-level travel time spent in this place.
 C = Inter-level travel time spent in this place.
 D = Time resting spent in this place.
 E = Time spent auto-exploring this place.
 F = Levels seen in this place.
 G = Mean time per level.
                   A        B        C        D        E       F      G
               +--------+--------+--------+--------+--------+-----+--------+
         Total |  14299 |  14040 |    259 |   5448 |   5882 |  12 | 1191.6 |
       Dungeon |  13959 |  13700 |    259 |   5248 |   5822 |  10 | 1395.9 |
        Temple |      1 |      1 |      0 |      0 |      0 |   1 |    1.0 |
        Bailey |    338 |    338 |      0 |    200 |     60 |   1 |  338.0 |
               +--------+--------+--------+--------+--------+-----+--------+

Top non-repeatable levels by time:
     D:8: 2761 daAuts
     D:7: 2403 daAuts
     D:6: 2031 daAuts
     D:5: 1559 daAuts
     D:9: 1386 daAuts
     D:3: 1085 daAuts
     D:4: 974 daAuts
     D:2: 747 daAuts
    D:10: 569 daAuts
     D:1: 440 daAuts
  Bailey: 338 daAuts
  Temple: 1 daAuts
